 Dungeon Crawl Stone Soup version 0.28.0 (webtiles) character file.

Game seed: 7361257398691879992

226 PoweredByGinger the Shield-Bearer (level 5, -3/40 (45) HPs)
             Began as a Minotaur Fighter on Feb 15, 2022.
             Slain by a wight (8 damage)
             ... on level 3 of the Dungeon.
             The game lasted 00:04:19 (3572 turns).

PoweredByGinger the Shield-Bearer (MiFi)            Turns: 3572, Time: 00:04:20

HP:   -3/40 (45)    AC:  6    Str: 22    XL:     5   Next: 69%
MP:   4/4           EV:  9    Int:  5    God:
Gold: 36            SH:  5    Dex: 10    Spells: 4/4 levels left

rFire   . . .      SeeInvis .   a - +0 war axe
rCold   . . .      Faith    .   c - +0 buckler
rNeg    . . .      Spirit   .   b - +0 scale mail
rPois   .          Reflect  .   (helmet restricted)
rElec   .          Harm     .   (no cloak)
rCorr   .          Rampage  .   (no gloves)
Will    .....                   (no boots)
Stlth   ..........              (no amulet)
HPRegen 0.13/turn               (no ring)
MPRegen 0.09/turn               (no ring)

@: heavily drained
A: horns 2, retaliatory headbutt
a: no special abilities


You were on level 3 of the Dungeon.
You visited 1 branch of the dungeon, and saw 4 of its levels.

You collected 36 gold pieces.

Inventory:

Hand Weapons
 a - a +0 war axe (weapon)
 f - a +3 spear
Missiles
 e - 46 arrows
 g - 8 curare-tipped darts
 h - 22 bolts
 m - 9 silver javelins (quivered)
Armour
 b - a +0 scale mail (worn)
 c - a +0 buckler (worn)
Jewellery
 p - a ring of poison resistance
Wands
 q - a wand of iceblast (3)
Scrolls
 i - 2 scrolls of enchant weapon {unknown}
 j - a scroll of enchant armour {unknown}
 k - a scroll of brand weapon {unknown}
 l - 2 scrolls of identify {unknown}
 o - a scroll of teleportation {unknown}
Potions
 d - a potion of might
 n - 2 potions of heal wounds {unknown}


   Skills:
 - Level 3.6 Fighting
 * Level 5.6 Axes
 - Level 0.3 Throwing
 - Level 3.6 Armour
 - Level 0.6 Dodging
 + Level 5.6 Shields


You had 4 spell levels left.
You didn't know any spells.
Your spell library contained the following spells:

 Spells                   Type           Power      Damage    Failure   Level
 Corpse Rot               Necr/Air       0%         N/A       95%         2
 Poisonous Vapours        Pois/Air       0%         N/A       95%         2
 Ozocubu's Armour         Ice            0%         N/A       99%         3
 Metabolic Englaciation   Hex/Ice        0%         N/A       100%        5
 Simulacrum               Ice/Necr       0%         N/A       100%        6


Dungeon Overview and Level Annotations

Branches:
Dungeon (4/15)
 Temple: D:4-7

Altars:
Kikubaaqudgha
Ru

Shops:
D:1 :


Innate Abilities, Weirdness & Mutations

You have a pair of horns on your head.
You reflexively headbutt those who attack you in melee.


Message History

You see here a worm corpse.
There is a stone staircase leading down here.
There is a shaft here.
There is a stone staircase leading down here.
You climb downwards.
There is a stone staircase leading up here.
HP restored. 2 wights come into view.
There are monsters nearby!
There are monsters nearby!
There is a stone staircase leading up here.
You slash the wight! You headbutt the wight.
You destroy the wight!
An iguana comes into view.
The wight hits you with a +1 morningstar!
You feel drained.
Things that are here:
a +0 dagger; a +0 robe The iguana hisses angrily.
You hit the wight. You headbutt the wight.
The wight is heavily damaged.
The wight hits you with a +1 morningstar!
You feel drained.
There is a stone staircase leading up here.
The wight hits you with a +1 morningstar!
* * * LOW HITPOINT WARNING * * *
You climb upwards.
There is a stone staircase leading down here.
Unknown command.
Unknown command.
You closely miss the wight.
The wight is heavily damaged.
The wight hits you with a +1 morningstar.
* * * LOW HITPOINT WARNING * * *
You feel drained.
* * * LOW HITPOINT WARNING * * *
You hit the wight.
The wight is severely damaged.
The wight hits you with a +1 morningstar!
You die...

#.##.###.# #.##.
####.##.....###.##.
#........#.........
#.##.##.........##.
#)##.###...[.#####.
###.#####..|..## #.
##..†..######.## #.
##....^..## #.# #.
#.....@.^.## #.# #.
##....z..^..###'##
#.
#..^.^...^..##...##
#.
##.^.......##.....##
##
#.....^...#.......##
##....^..##........#
#
##.....###<..######
# ##..### #...#
#.....#
#...#########


You could see a wight.

Vanquished Creatures
  A wight (D:4)
  An orc priest (D:2)
  A bullfrog skeleton (D:3)
  Ijyb (D:3)
  2 adders (D:2)
  A worm (D:3)
  4 dart slugs
  5 orcs (D:3)
  5 ball pythons
  5 endoplasms
  4 giant cockroaches
  11 goblins
  2 hobgoblins (D:1)
  3 jackals (D:1)
  2 quokkas (D:3)
  6 bats
  7 kobolds
  6 rats
67 creatures vanquished.

Notes
Turn   | Place    | Note
-------+----------+-------------------------------------------
     0 | D:1      | PoweredByGinger the Minotaur Fighter began the quest for
                  | the Orb.
     0 | D:1      | Reached XP level 1. HP: 19/19 MP: 0/0
   504 | D:1      | You fall into a shaft and drop 1 floor!
   532 | D:2      | Reached XP level 2. HP: 26/26 MP: 1/1
   677 | D:1      | Reached XP level 3. HP: 31/31 MP: 2/2
   686 | D:1      | Found Utyvuqev's Book Shop.
  1800 | D:2      | Found a sacrificial altar of Ru.
  2432 | D:3      | Reached XP level 4. HP: 39/39 MP: 3/3
  2444 | D:3      | Reached skill level 5 in Shields
  2557 | D:3      | Found an ancient bone altar of Kikubaaqudgha.
  2756 | D:2      | Reached XP level 5. HP: 2/45 MP: 4/4
  3057 | D:3      | Reached skill level 5 in Axes
  3109 | D:3      | Found a faded altar of an unknown god.
  3114 | D:3      | Noticed Ijyb
  3127 | D:3      | Killed Ijyb
  3417 | D:3      | Noticed a phantom
  3572 | D:3      | Slain by a wight

Illustrated notes

Levels and vault maps discovered:
D:1:      dpeg_arrival_houses_and_road, layout_loops_ring, serial_shops,
          nicolae_shop_waterfront, kennysheep_doodads
D:2:      layout_basic, basic_altar
D:3:      layout_loops_corners, kiku_gazebo_pond_becter,
          ebering_ecumenical_altar_box, dk_noncrumbling_3,
          roderic_roman_lattice, nicolae_wormholes, uniq_ijyb, uniq_robin
D:4:      kennysheep_goblin_castle, layout_basic, chequers_big_river,
          uniq_natasha

Skill      XL: |  1  2  3  4  5 |
---------------+----------------+-----
Shields        | 4 5 |  5.6
Axes           | 3 4 5 |  5.6
Fighting       | |  3.6
Throwing       | |  0.3
Armour         | |  3.6
Dodging        | |  0.6

Action                   |  1- 3 |  4- 6 || total
-------------------------+-------+-------++-------
Melee: War axe           |    98 |    60 ||   158
       Headbutt          |    11 |    11 ||    22
Throw: Javelin           |     3 |       ||     3
  Use: Potion            |     1 |       ||     1
Armor: Scale mail        |    48 |    14 ||    62
Dodge: Dodged            |    37 |    21 ||    58
Block: Buckler           |    20 |    15 ||    35
